 Dungeon Crawl Stone Soup version 0.25-a0-578-gc91f01c39c (webtiles) character file.

Game seed: 10447338025071359674, levelgen mode: deterministic

91096 MrRokkomies the Force of Nature (level 16, 0/122 HPs)
             Began as a Human Gladiator on Feb 28, 2020.
             Was the Champion of Fedhas.
             Slain by a wolf spider (9 damage)
             ... on level 4 of the Lair of Beasts on Mar 3, 2020.
             The game lasted 01:16:43 (35463 turns).

MrRokkomies the Force of Nature (Human Gladiator)  Turns: 35463, Time: 01:16:44

Health: 0/122      AC: 22    Str: 16    XL:     16   Next: 49%
Magic:  27/27      EV: 10    Int: 14    God:    Fedhas [******]
Gold:   2463       SH: 15    Dex: 15    Spells: 15/15 levels left

rFire    + + +     SeeInvis +   a - +4 scimitar (flame)
rCold    . . .     Gourm    .   e - +0 kite shield {rPois}
rNeg     . . .     Faith    .   U - +4 fire dragon scales
rPois    +         Spirit   .   u - +2 helmet {SInv}
rElec    .         Reflect  +   S - scarf {rC+ rF+}
rCorr    .         Harm     .   k - +1 pair of gloves
MR       ++...                  R - +1 pair of boots {run}
Stlth    ..........             P - brooch of Shielding {Reflect SH+8}
HPRegen  0.30/turn              y - ring of protection from fire
MPRegen  0.20/turn              K - ring of protection from magic

@: about to teleport, quick
A: no striking features
a: Wall of Briars, Grow Ballistomycete, Overgrow, Grow Oklob, Renounce Religion


You were on level 4 of the Lair of Beasts.
You worshipped Fedhas.
Fedhas was exalted by your worship.
You were not hungry.

You visited 5 branches of the dungeon, and saw 25 of its levels.
You also visited: Gauntlet and Volcano.

You collected 3059 gold pieces.
You spent 596 gold pieces at shops.

Inventory:

Hand Weapons
 a - a +4 scimitar of flaming (weapon)
 b - a +2 vorpal hand crossbow
 D - a +1 scimitar of holy wrath
 Y - a +3 great sword
Missiles
 d - a throwing net (quivered)
 x - 203 bolts
Armour
 e - a +0 kite shield of poison resistance (worn)
 k - a +1 pair of gloves (worn)
 u - a +2 helmet of see invisible (worn)
 R - a +1 pair of boots of running (worn)
 S - a scarf of resistance (worn)
 U - +4 fire dragon scales (worn)
Jewellery
 l - an uncursed ring of stealth
 s - an uncursed ring of protection from cold
 w - an uncursed ring of stealth
 y - a ring of protection from fire (left hand)
 K - a ring of protection from magic (right hand)
 P - the brooch of Shielding (around neck) {Reflect SH+8}
   (You found it on level 9 of the Dungeon)

   [amulet of reflection]

   It shields you and reflects attacks.
   It affects your SH (+8).
 T - an uncursed ring of flight
 W - an uncursed ring of wizardry
Wands
 o - a wand of random effects (7)
 q - a wand of flame (2)
 B - a wand of iceblast (4)
 N - a wand of polymorph (16)
 Q - a wand of digging (19)
Scrolls
 c - 18 scrolls of teleportation
 i - a scroll of fog
 m - a scroll of magic mapping
 p - 2 scrolls of fear
 t - 2 scrolls of amnesia
 v - 5 scrolls of remove curse
 z - 2 scrolls of immolation
 F - 4 scrolls of identify
 M - 2 scrolls of blinking
 X - a scroll of torment
Potions
 g - 6 potions of flight
 h - a potion of ambrosia
 j - 3 potions of mutation
 n - 2 potions of resistance
 r - a potion of magic
 A - 3 potions of might
 C - 5 potions of heal wounds
 E - a potion of invisibility
 G - 3 potions of brilliance
 H - 4 potions of lignification
 I - a potion of haste
 J - 3 potions of berserk rage
 L - a potion of cancellation {unknown}
 O - 4 potions of stabbing
 V - 3 potions of curing
Comestibles
 f - 37 rations


   Skills:
 - Level 10.0 Fighting
 - Level 14.0 Long Blades
   Level 2.6(3.0) Slings
 * Level 9.9 Crossbows
 - Level 2.0(2.6) Throwing
 + Level 7.8 Armour
 - Level 6.9 Dodging
 - Level 1.2 Stealth
 * Level 15.4 Invocations
 - Level 10.0 Evocations


You had 15 spell levels left.
You didn't know any spells.
Your spell library contained the following spells:

 Spells                   Type           Power        Failure   Level  Hunger
 Beastly Appendage        Tmut           #.....       100%        1    ##.....
 Poisonous Vapours        Pois/Air       #.....       100%        2    ###....
 Sticks to Snakes         Tmut           #.......     100%        2    ###....
 Conjure Flame            Conj/Fire      #.......     100%        3    ####...
 Mephitic Cloud           Conj/Pois/Air  #.......     100%        3    ####...
 Spider Form              Tmut/Pois      #.........   100%        3    ####...
 Ice Form                 Ice/Tmut       #.......     100%        4    #####..
 Blade Hands              Tmut           #.........   100%        5    ######.
 Metabolic Englaciation   Hex/Ice        #.........   100%        5    ######.
 Freezing Cloud           Conj/Ice/Air   #.........   100%        6    #######
 Ozocubu's Refrigeration  Ice            #.........   100%        6    #######
 Simulacrum               Ice/Necr       #.........   100%        6    #######
 Ring of Flames           Chrm/Fire      #.........   100%        7    #######


Dungeon Overview and Level Annotations

Branches:
Dungeon (15/15)            Temple (1/1) D:5            Lair (6/6) D:11
 Shoals (0/4) Lair:2       Spider (1/4) Lair:4        Slime (0/5) Lair:5
    Orc (2/2) D:9             Elf (0/3) Orc:2        Vaults (0/5) D:13
 Depths (0/5) D:15        Volcano (visited)         Gauntlet (visited)

Altars:
Ashenzari
Cheibriados
Dithmenos
Elyvilon
Fedhas
Gozag
Hepliaklqana
Kikubaaqudgha
Makhleb
Nemelex Xobeh
Okawaru
Qazlal
Ru
Sif Muna
Trog
Uskayaw
Vehumet
Wu Jian
Xom
Yredelemnul
Zin
The Shining One
Jiyva

Shops:
D:14 =   Orc:2 :(*

Annotations:
Lair:5 1 runed translucent door


Message History

The demonic crawler hits you but does no damage.
You block the demonic crawler's attack.
The redback bites you but does no damage.
You slash the redback! You burn the redback.
The redback is almost dead.
You block the demonic crawler's attack.
The demonic crawler hits you but does no damage.
The demonic crawler hits you.
* * * LOW HITPOINT WARNING * * *
You block the redback's attack.
As you read the scroll of teleportation, it crumbles to dust.
You feel strangely unstable.
The demonic crawler hits you but does no damage.
You block the demonic crawler's attack. x2
The redback bites you but does no damage.
The wolf spider hits you!
* * * LOW HITPOINT WARNING * * *
The wolf spider bites you!
You die...
Fedhas appreciates your contribution to the ecosystem.

......# ##..........##
......# #....#.....#.#
......# ##...##....###
......#####...^###..#
......##.#P...^^^####
......P.#...##.^.^^##
.............##^.^.^##
.............###ss^^.##
.............# #@s^...#
.............#####..>.##
.................##....#
.............####.######
..####..##..#####.#
.......##....#.#..##
.......###........)#
.................###
.................#


You could see a demonic crawler, a wolf spider and a redback.

Vanquished Creatures
  Jorgrun (Orc:1)
  An orc warlord (Orc:2)
  Azrael (D:15)
  4 fire dragons
  4 vault guards (D:13)
  A rakshasa (D:14)
  14 hydras
  3 two-headed ogres
  2 centaur warriors
  2 tengu warriors (D:14)
  A hell hog (Volcano)
  6 orc high priests
  Nergalle (Orc:1)
  A fire crab (shapeshifter) (D:13)
  4 unseen horrors
  A glowing orange brain (Gauntlet)
  A wolf spider zombie (D:15)
  2 wizards
  5 orc knights
  A mana viper (shapeshifter) (D:13)
  A necromancer (Gauntlet)
  2 deep elf magi (D:14)
  A wolf spider (Lair:4)
  2 orc sorcerers
  5 ugly things
  Maurice (D:8)
  2 cyclopes
  3 black mambas
  A merfolk siren (Lair:2)
  6 elephants (Lair:4)
  4 centaur skeletons
  A molten gargoyle (Volcano)
  Joseph (D:8)
  A torpor snail (Lair:3)
  2 gargoyles
  5 spiny frogs
  3 kobold demonologists
  A rime drake (Lair:5)
  2 efreet (D:13)
  3 komodo dragons
  7 trolls
  3 polar bears
  5 hornets
  2 jumping spiders (Lair:4)
  3 blink frogs (Lair:6)
  16 slime creatures
  5 hippogriffs
  5 dream sheep
  A flying skull (Gauntlet)
  A shadow (D:12)
  2 redbacks
  A vampire (D:14)
  A wraith (D:13)
  11 spriggans (Lair:6)
  8 fire bats (Volcano)
  2 wyverns
  2 fire elementals (D:15)
  15 yaks
  A basilisk (Lair:2)
  2 hungry ghosts (D:14)
  A steam dragon (Volcano)
  4 wargs
  A soldier ant (D:13)
  An acid dragon (D:15)
  4 hell hounds
  15 water moccasins
  6 porcupines
  6 black bears
  Duvessa (D:4)
  3 ice beasts
  3 phantoms
  A sky beast (D:6)
  31 orc warriors
  2 necrophages
  14 ogres
  23 wolves
  22 centaurs
  3 boggarts (Lair:6)
  9 crocodiles
  4 big kobolds
  12 bullfrogs
  A gnoll sergeant (D:7)
  Dowan (D:4)
  5 killer bees (D:11)
  3 scorpions
  A wight (D:6)
  4 howler monkeys
  2 electric eels
  4 crimson imps
  3 lava snakes (Volcano)
  2 quasits
  6 centaur zombies
  8 hounds
  A bullfrog zombie (D:6)
  10 orc priests
  6 jellies
  20 orc wizards
  2 bullfrog skeletons (D:10)
  6 iguanas
  12 worker ants
  2 hound zombies
  3 hound skeletons
  A howler monkey zombie (D:7)
  4 gnolls (D:7)
  10 adders
  3 shadow imps
  2 adder skeletons
  3 worms
  2 dart slugs
  11 leopard geckos
  68 orcs
  4 giant cockroaches
  5 goblins
  9 hobgoblins
  36 jackals
  9 quokkas
  3 ball pythons
  6 bats
  5 frilled lizards
  2 goblin skeletons (D:6)
  3 goblin zombies (D:6)
  A hobgoblin zombie (D:6)
  23 kobolds
  3 kobold skeletons (D:6)
  2 kobold zombies (D:6)
  A leopard gecko skeleton (D:6)
  A quokka zombie (D:5)
  7 rats
  A ballistomycete spore (Orc:2)
689 creatures vanquished.

Vanquished Creatures (collateral kills)
  Gastronok (Lair:1)
  Agnes (D:14)
  A hydra (Lair:6)
  4 elephants (Lair:4)
  A spiny frog (Lair:4)
  A rime drake (Lair:6)
  A hippogriff (Lair:4)
  3 blink frogs (Lair:6)
  A redback (Lair:4)
  2 water moccasins (Lair:4)
  A porcupine (Lair:4)
  2 orc warriors (Orc:2)
  2 orc priests (Orc:2)
  An orc wizard (Orc:2)
  An orc (Orc:2)
  17 ballistomycete spores
40 creatures vanquished.

Vanquished Creatures (others)
  An unseen horror (D:11)
  A warg (D:10)
  An ogre (D:11)
  A phantom (D:10)
  A centaur (D:10)
  A jelly (D:13)
  An orc (Orc:2)
  A kobold (D:13)
  2 ballistomycete spores
  A bush (D:13)
  28 fungi
  4 plants
43 creatures vanquished.

Grand Total: 772 creatures vanquished

Notes
Turn   | Place    | Note
-------+----------+-------------------------------------------
     0 | D:1      | MrRokkomies the Human Gladiator began the quest for the
                  | Orb.
     0 | D:1      | Reached XP level 1. HP: 16/16 MP: 1/1
   185 | D:1      | Reached XP level 2. HP: 22/22 MP: 2/2
   463 | D:1      | Reached XP level 3. HP: 28/28 MP: 3/3
  1138 | D:2      | Reached XP level 4. HP: 33/34 MP: 4/4
  1169 | D:2      | Upgraded the game from 0.25-a0-566-g062765be81 to
                  | 0.25-a0-576-g50b708a4c4
  1262 | D:2      | Found a faded altar of an unknown god.
  1673 | D:2      | Reached skill level 1 in Slings
  1741 | D:2      | Reached XP level 5. HP: 33/41 MP: 5/5
  2689 | D:4      | Noticed Duvessa
  2690 | D:4      | Noticed Dowan
  2710 | D:4      | Killed Duvessa
  2710 | D:4      | Reached XP level 6. HP: 35/48 MP: 3/6
  2715 | D:4      | Killed Dowan
  3049 | D:5      | Entered Level 5 of the Dungeon
  3080 | D:5      | Noticed an ogre
  3086 | D:5      | Killed an ogre
  3086 | D:5      | Reached skill level 5 in Long Blades
  3086 | D:5      | Reached XP level 7. HP: 54/54 MP: 7/7
  3198 | D:5      | Found a staircase to the Ecumenical Temple.
  3222 | Temple   | Entered the Ecumenical Temple
  3307 | Temple   | Became a worshipper of Fedhas Madash
  3537 | D:5      | Reached skill level 1 in Invocations
  3545 | D:5      | Reached skill level 5 in Fighting
  3545 | D:5      | Reached XP level 8. HP: 42/62 MP: 5/9
  3698 | D:5      | Reached skill level 2 in Invocations
  4039 | D:5      | Reached skill level 5 in Dodging
  4039 | D:5      | Reached skill level 3 in Invocations
  4333 | D:5      | Reached skill level 4 in Invocations
  4333 | D:5      | Reached XP level 9. HP: 58/68 MP: 10/12
  4355 | D:5      | Upgraded the game from 0.25-a0-576-g50b708a4c4 to
                  | 0.25-a0-578-gc91f01c39c
  4495 | D:6      | Reached * piety under Fedhas
  4534 | D:6      | Found a glowing golden altar of the Shining One.
  4627 | D:6      | Found a basalt altar of Yredelemnul.
  4715 | D:6      | Reached skill level 5 in Invocations
  5317 | D:7      | Found a radiant altar of Vehumet.
  5478 | D:7      | Reached ** piety under Fedhas
  5625 | D:7      | Reached skill level 6 in Invocations
  5813 | D:7      | Reached XP level 10. HP: 67/77 MP: 14/14
  6019 | D:7      | Found a snail-covered altar of Cheibriados.
  6428 | D:8      | Found a glowing silver altar of Zin.
  6428 | D:8      | Found a hazy altar of Hepliaklqana.
  6428 | D:8      | Found a sacrificial altar of Ru.
  6496 | D:8      | Found a white marble altar of Elyvilon.
  6569 | D:8      | Found a stormy altar of Qazlal.
  6860 | D:8      | Noticed Joseph
  6868 | D:8      | Reached skill level 7 in Invocations
  6874 | D:8      | Killed Joseph
  6928 | D:8      | Reached *** piety under Fedhas
  7023 | D:8      | Noticed Maurice
  7029 | D:8      | Killed Maurice
  7553 | D:9      | Found the brooch of Shielding {Reflect SH+8}
  7556 | D:9      | Found a staircase to the Orcish Mines.
  7735 | D:9      | Found a burning altar of Makhleb.
  8375 | D:9      | Found an iron altar of Okawaru.
  8456 | D:9      | Found an ancient bone altar of Kikubaaqudgha.
  8615 | D:10     | Entered Level 10 of the Dungeon
  8623 | D:10     | Found an opulent altar of Gozag.
  8624 | D:10     | Noticed a five-headed hydra
  8729 | D:10     | Reached skill level 8 in Invocations
  9200 | D:10     | Reached skill level 1 in Evocations
  9248 | D:10     | Reached XP level 11. HP: 75/84 MP: 17/17
  9412 | D:10     | Killed a five-headed hydra
  9412 | D:10     | Reached skill level 10 in Long Blades
  9995 | D:11     | Noticed an unseen horror
 10023 | D:11     | Found a staircase to the Lair.
 10023 | D:11     | Noticed an unseen horror
 10027 | D:11     | Killed an unseen horror
 10028 | D:11     | Noticed a cyan ugly thing
 10045 | D:11     | Noticed a sixfirhy
 10047 | D:11     | Found a gate leading to a gauntlet.
 10051 | Gauntlet | Entered a Gauntlet
 10051 | Gauntlet | Found a transporter.
 10051 | Gauntlet | Found a transporter.
 10051 | Gauntlet | Noticed a necromancer
 10344 | Gauntlet | Found a transporter.
 10345 | Gauntlet | Found a transporter.
 10362 | Gauntlet | Found a transporter.
 10366 | Gauntlet | Noticed a worldbinder
 10374 | Gauntlet | Found a transporter.
 10375 | Gauntlet | Found a transporter.
 10377 | Gauntlet | Noticed a death yak
 10378 | Gauntlet | Noticed a death yak
 10379 | Gauntlet | Noticed a death yak
 10379 | Gauntlet | Noticed a necromancer
 10383 | Gauntlet | Found a transporter.
 10395 | Gauntlet | Noticed a cyan ugly thing
 10398 | Gauntlet | Found a transporter.
 10412 | Gauntlet | Found a transporter.
 10416 | Gauntlet | Found a transporter.
 10425 | Gauntlet | Found a transporter.
 10490 | Gauntlet | Noticed a glowing orange brain
 10582 | Gauntlet | Killed a necromancer
 11247 | Gauntlet | Killed a glowing orange brain
 11250 | Gauntlet | Killed a cyan ugly thing
 11250 | Gauntlet | Reached skill level 9 in Invocations
 11250 | Gauntlet | Reached skill level 5 in Evocations
 11258 | Gauntlet | Got an ichor-stained helmet
 11260 | Gauntlet | Got a jewelled dagger
 11271 | Gauntlet | Identified the cursed +0 helmet of the Duke {Stlth+} (You
                  | found it in a Gauntlet)
 11271 | Gauntlet | Identified the +11 dagger of Honour {distort, Int+2} (You
                  | found it in a Gauntlet)
 11512 | Gauntlet | Noticed a minotaur
 11518 | Gauntlet | Banished a minotaur
 11750 | Gauntlet | Identified a +1 pair of boots of running (You found it in a
                  | Gauntlet)
 11907 | D:11     | Noticed a soul eater
 11917 | D:10     | Reached **** piety under Fedhas
 12621 | D:11     | Noticed a purple ugly thing
 12669 | D:11     | Killed a purple ugly thing
 12669 | D:11     | Reached XP level 12. HP: 29/94 MP: 18/18
 13079 | D:11     | Noticed a four-headed hydra
 13308 | D:11     | Killed an unseen horror
 13404 | D:11     | Killed a four-headed hydra
 13681 | Lair:1   | Entered Level 1 of the Lair of Beasts
 13714 | Lair:1   | Found a shimmering blue altar of Sif Muna.
 13714 | Lair:1   | Noticed an eight-headed hydra
 13719 | Lair:1   | Killed an eight-headed hydra
 14322 | Lair:1   | Noticed Gastronok
 14340 | Lair:1   | Killed Gastronok
 14644 | Lair:1   | Noticed a fire dragon
 14657 | Lair:1   | Killed a fire dragon
 14659 | Lair:1   | Reached skill level 10 in Invocations
 15200 | Lair:2   | Noticed a six-headed hydra
 15285 | Lair:2   | Found a dark tunnel.
 15291 | Volcano  | Entered a volcano
 15455 | Volcano  | Found a burning altar of Makhleb.
 15455 | Volcano  | Noticed a hell hog
 15500 | Volcano  | Killed a hell hog
 15500 | Volcano  | Reached XP level 13. HP: 71/101 MP: 20/20
 15572 | Volcano  | Noticed a fire dragon
 15589 | Volcano  | Killed a fire dragon
 16182 | Lair:2   | Found a staircase to the Shoals.
 16362 | Lair:2   | Killed a six-headed hydra
 16466 | Lair:2   | Noticed a five-headed hydra
 16475 | Lair:2   | Killed a five-headed hydra
 16984 | Lair:3   | Noticed a four-headed hydra
 16994 | Lair:3   | Killed a four-headed hydra
 17068 | Lair:3   | Reached ***** piety under Fedhas
 17510 | Lair:4   | Found a hole to the Spider Nest.
 17741 | Lair:4   | Noticed a five-headed hydra
 17780 | Lair:4   | Killed a five-headed hydra
 17840 | Lair:4   | Reached skill level 10 in Fighting
 17970 | Lair:4   | Reached skill level 11 in Invocations
 18484 | Lair:4   | Reached skill level 1 in Armour
 18552 | Lair:4   | Reached skill level 10 in Evocations
 18839 | Lair:4   | Noticed a five-headed hydra
 18844 | Lair:4   | Killed a five-headed hydra
 18844 | Lair:4   | Reached XP level 14. HP: 110/110 MP: 22/22
 19514 | Lair:5   | Found a stormy altar of Qazlal.
 19516 | Lair:5   | Found a runed translucent door.
 19516 | Lair:5   | Found a viscous altar of Jiyva.
 19516 | Lair:5   | Found a staircase to the Slime Pits.
 19516 | Lair:5   | Noticed an acid blob
 19516 | Lair:5   | Noticed an acid blob
 19759 | Lair:6   | Entered Level 6 of the Lair of Beasts
 19795 | Lair:6   | Reached skill level 1 in Crossbows
 19795 | Lair:6   | Reached skill level 1 in Stealth
 19822 | Lair:6   | Identified the cursed +0 plate armour of Experimentation
                  | {rElec rC- Int+6 Dex+4} (You found it on level 6 of the
                  | Lair of Beasts)
 21120 | Lair:6   | Reached skill level 12 in Invocations
 21492 | Lair:6   | Paralysed by a hornet for 1 turns
 22719 | Orc:1    | Entered Level 1 of the Orcish Mines
 22790 | Orc:1    | Found a flagged portal.
 23079 | Orc:1    | Noticed Jorgrun
 23097 | Orc:1    | Killed Jorgrun
 23297 | Orc:1    | Noticed Nergalle
 23327 | Orc:1    | Killed Nergalle
 23795 | Orc:2    | Entered Level 2 of the Orcish Mines
 24195 | Orc:1    | Reached skill level 13 in Invocations
 24760 | Orc:2    | Reached skill level 5 in Crossbows
 24768 | Orc:2    | Found Igeegorr's General Store.
 24771 | Orc:2    | Found a staircase to the Elven Halls.
 24810 | Orc:1    | Reached XP level 15. HP: 115/115 MP: 24/24
 25132 | Orc:1    | Reached skill level 5 in Armour
 25322 | Orc:2    | Noticed an orc warlord
 25652 | Orc:2    | Found Zedag's Antique Weapon Emporium.
 25927 | Orc:2    | Killed an orc warlord
 27008 | Orc:2    | Found Ypsy's Antique Armour Emporium.
 27024 | Orc:2    | Found Isoucuiv's Book Shoppe.
 27221 | Orc:2    | Bought a runed long sword for 221 gold pieces
 29124 | D:13     | Reached ****** piety under Fedhas
 29136 | D:13     | Reached skill level 14 in Invocations
 29589 | D:13     | Identified the +8 rapier of Qievua {freeze, rElec rPois}
 30502 | D:13     | Found a gate to the Vaults.
 30718 | D:13     | Found a blossoming altar of Fedhas.
 31412 | D:14     | Reached XP level 16. HP: 77/122 MP: 27/27
 31832 | D:14     | Found Naiwn's Jewellery Emporium.
 32120 | D:14     | Bought an uncursed ring of protection from cold for 375
                  | gold pieces
 32346 | D:14     | Reached skill level 15 in Invocations
 32397 | D:14     | Noticed Agnes
 32411 | D:14     | Killed Agnes
 33224 | D:15     | Entered Level 15 of the Dungeon
 33417 | D:15     | Found a white marble altar of Elyvilon.
 34138 | D:15     | Noticed Azrael
 34160 | D:15     | Killed Azrael
 34426 | D:15     | Found a staircase to the Depths.
 35437 | Spider:1 | Entered Level 1 of the Spider Nest
 35463 | Lair:4   | Slain by a wolf spider

Levels and vault maps discovered:
D:1:      enne_arrival_octagon_isle, layout_basic
D:2:      layout_loops_ring, chequers_ecumenical_altar_lobes
D:3:      layout_basic
D:4:      layout_loops_ring, first_ration, uniq_duvessa
D:5:      minmay_chambers_of_threes, layout_loops_ring,
          minmay_temple_entry_butterflies, serial_bayou_pond_e
D:6:      hangedman_cross_stitches, layout_gridville,
          nicolae_overflow_crystal_walls, nicolae_tso_besieged_by_evil
D:7:      layout_gridville, lemuel_round_altar, kennysheep_mini_moat
D:8:      layout_loops_ring, old_standard_altar, overflow_temple_1_default,
          gammafunk_temple_overflow_claw, grunt_ogre_cave,
          kennysheep_small_spiral, uniq_joseph, uniq_maurice
D:9:      layout_gridville, makhleb_heckhound_becter,
          lemuel_coloured_pillars_altar, overflow_temple_1_default, orc_0_dummy,
          serial_park_tiny_pond
D:10:     layout_basic, grunt_gozag_breadcrumbs
D:11:     layout_rooms, erik_lair_orcish_takeover, gauntlet_entry_generic,
          minmay_misc_feat_four_crosses, water_maze_lemuel
D:12:     layout_cave_pools, minmay_misc_feat_ornament
D:13:     layout_irregular_city, lightli_vaults_fourway_checkpoint, tgw_fedhas
D:14:     layout_rooms, corexii_corridor_pit, serial_shops, shop,
          minmay_misc_feat_pillars, lemuel_another_geyser, uniq_agnes
D:15:     grunt_enter_depths_hoard, layout_loops_corners, elyvilon_altar_3,
          uniq_azrael
Temple:   zaba_magenta_temple
Lair:1:   dragon1_lemuel, layout_big_grid, basic_altar, uniq_gastronok
Lair:2:   layout_loops_ring, minmay_shoals_entry_lonely_mermaid,
          enter_volcano_2, lemuel_fruit_fields
Lair:3:   layout_cave_shapes
Lair:4:   layout_gridlike, spider_nest_entry_funnel_web,
          chequers_serial_rivers_marsh, cheibrodos_lair_caveside_slide
Lair:5:   layout_hall_layers, slime_altar_2, basic_altar
Lair:6:   minmay_lair_end_enchanted_forest, layout_regular_city
Spider:1: layout_spider_delve, uniq_donald
Orc:1:    layout_caves, enter_bailey_2, uniq_nergalle, uniq_jorgrun
Orc:2:    grunt_orc_gardens, layout_caves, grunt_orc_garden, grunt_orc_garden,
          grunt_orc_garden, grunt_orc_garden

Skill      XL: |  1  2  3  4  5  6  7  8  9 10 11 12 13 14 15 16 |
---------------+-------------------------------------------------+-----
Fighting       | 3 4 5 6 7 8 9 10 | 10.0
Slings         | 1 2 |  2.6
Long Blades    | 4 5 6 8 9 11 12 13 14 | 14.0
Dodging        | 4 5 6 |  6.9
Invocations    | 1 4 6 8 9 10 11 13 14 15 | 15.4
Evocations     | 2 5 8 10 | 10.0
Armour         | 1 4 7 |  7.8
Crossbows      | 5 8 9 |  9.9
Stealth        | 1 |  1.2
Throwing       | |  2.0

Action                   |  1- 3 |  4- 6 |  7- 9 | 10-12 | 13-15 | 16-18 || total
-------------------------+-------+-------+-------+-------+-------+-------++-------
Melee: Dagger            |   104 |   220 |   110 |   127 |       |       ||   561
       Falchion          |       |       |   204 |   603 |  1316 |       ||  2123
       Scimitar          |       |       |       |    27 |   310 |   335 ||   672
       Long sword        |       |       |       |       |   187 |       ||   187
 Fire: Hunting sling     |       |       |       |       |    13 |       ||    13
       Hand crossbow     |       |       |       |       |    44 |       ||    44
Throw: Throwing net      |       |       |       |       |     5 |       ||     5
Invok: Grow Ballistomyce |       |       |       |     2 |     2 |       ||     4
       Overgrow          |       |       |       |     1 |     3 |     1 ||     5
Evoke: Wand              |       |     4 |     8 |    24 |    48 |     2 ||    86
  Use: Scroll            |     1 |     5 |     8 |    14 |    17 |     4 ||    49
       Potion            |       |       |       |     9 |     1 |       ||    10
 Stab: Paralysed         |       |     5 |     7 |     5 |       |       ||    17
       Sleeping          |       |       |    12 |     3 |       |       ||    15
       Distracted        |       |       |       |     1 |       |       ||     1
       Held in net/web   |       |       |       |       |     6 |       ||     6
       Confused          |       |       |       |       |     5 |       ||     5
  Eat: Chunk             |       |     7 |     9 |    16 |    33 |     2 ||    67
       Ration            |       |       |       |     5 |     5 |     4 ||    14
Armor: Ring mail         |    36 |     8 |       |       |       |       ||    44
       Scale mail        |       |    62 |       |       |       |       ||    62
       Leather armour    |       |    11 |    89 |   153 |       |       ||   253
       Fire dragon scale |       |       |       |    52 |   657 |   184 ||   893
Dodge: Dodged            |    59 |   128 |   225 |   305 |   424 |   125 ||  1266
Block: Kite shield       |       |       |       |   541 |  1178 |   218 ||  1937
       Reflection        |       |       |       |    10 |    40 |     7 ||    57
       Other             |       |       |       |       |       |    24 ||    24
       Rpst.: Falchion   |       |       |    49 |    75 |    69 |       ||   193
       Scimitar          |       |       |       |     3 |    22 |    24 ||    49
       Long sword        |       |       |       |       |    13 |       ||    13

Table legend:
 A = Non-vault XP
 B = Vault XP
 C = Vault XP percentage of total XP
 D = Non-vault monster count
 E = Vault monster count
 F = Vault count percentage of total count
                 A         B        C        D         E       F
            +---------+---------+-------+---------+---------+-------
      Total |   81410 |   48728 |  37.4 |     550 |     169 |  23.5
            +---------+---------+-------+---------+---------+-------
        D:1 |      39 |       0 |   0.0 |      22 |       0 |   0.0
        D:2 |     113 |       0 |   0.0 |      33 |       0 |   0.0
        D:3 |      55 |       0 |   0.0 |      26 |       0 |   0.0
        D:4 |      10 |     214 |  95.5 |       4 |       2 |  33.3
        D:5 |    1257 |     403 |  24.3 |      23 |      11 |  32.4
        D:6 |     607 |     247 |  28.9 |      12 |      18 |  60.0
        D:7 |    1245 |       0 |   0.0 |      39 |       0 |   0.0
        D:8 |     515 |    1053 |  67.2 |      20 |       3 |  13.0
        D:9 |     586 |      40 |   6.4 |      18 |       1 |   5.3
       D:10 |    4407 |     354 |   7.4 |      36 |       4 |  10.0
       D:11 |    4687 |     206 |   4.2 |      34 |       4 |  10.5
       D:12 |    3719 |       0 |   0.0 |      11 |       0 |   0.0
       D:13 |   10718 |    6202 |  36.7 |      54 |      12 |  18.2
       D:14 |   12427 |    1617 |  11.5 |      33 |       1 |   2.9
       D:15 |    4919 |    4080 |  45.3 |      13 |       8 |  38.1
     Lair:1 |    3189 |    3035 |  48.8 |      12 |       2 |  14.3
     Lair:2 |    3271 |     481 |  12.8 |      13 |       1 |   7.1
     Lair:3 |    3570 |       0 |   0.0 |      13 |       0 |   0.0
     Lair:4 |    9858 |    1017 |   9.4 |      30 |       4 |  11.8
     Lair:5 |    3224 |       0 |   0.0 |      11 |       0 |   0.0
     Lair:6 |    6518 |    7386 |  53.1 |      23 |      42 |  64.6
   Spider:1 |     211 |       0 |   0.0 |       1 |       0 |   0.0
      Orc:1 |    4602 |    7828 |  63.0 |      37 |      11 |  22.9
      Orc:2 |    1663 |    6529 |  79.7 |      32 |      18 |  36.0
    Volcano |       0 |    4715 | 100.0 |       0 |      17 | 100.0
   Gauntlet |       0 |    3321 | 100.0 |       0 |      10 | 100.0
            +---------+---------+-------+---------+---------+-------
